 Dungeon Crawl Stone Soup version 0.24-a0-584-g9d6b971ae4 (webtiles) character file.

Game seed: 4435116497168666557, levelgen mode: deterministic

221 Gynju the Grave Robber (level 5, -1/28 HPs)
             Began as a Deep Elf Necromancer on Sept 6, 2019.
             Slain by an orc warrior
             ... wielding a +0 halberd
              (22 damage)
             ... on level 2 of the Dungeon.
             The game lasted 00:06:03 (2721 turns).

Gynju the Grave Robber (Deep Elf Necromancer)       Turns: 2721, Time: 00:06:04

Health: -1/28      AC:  3    Str:  5    XL:     5   Next: 65%
Magic:  8/15       EV: 12    Int: 21    God:
Gold:   71         SH:  4    Dex: 15    Spells: 13/15 levels left

rFire    . . .     SeeInvis .   i - +0 whip
rCold    . . .     Gourm    .   g - +0 buckler
rNeg     . . .     Faith    .   a - +0 robe
rPois    .         Spirit   .   (no helmet)
rElec    .         Reflect  .   j - +0 cloak
rCorr    .         Harm     .   (no gloves)
MR       .....                  (no boots)
Stlth    ++........             (no amulet)
HPRegen  0.09/turn              (no ring)
MPRegen  0.14/turn              (no ring)

@: no status effects
A: no striking features
a: no special abilities


You were on level 2 of the Dungeon.
You were not hungry.

You visited 1 branch of the dungeon, and saw 2 of its levels.

You collected 71 gold pieces.

Inventory:

Hand Weapons
 i - a +0 whip (weapon)
Armour
 a - a +0 robe (worn)
 g - a +0 buckler (worn)
 j - a +0 cloak (worn)
Scrolls
 b - 2 scrolls of identify {unknown}
 d - a scroll of noise {unknown}
 e - a scroll of blinking {unknown}
 h - a scroll of enchant weapon {unknown}
 k - a scroll of remove curse {unknown}
Potions
 f - a potion of curing {unknown}
 m - a potion of haste {unknown}
Comestibles
 c - 4 rations


   Skills:
 - Level 2.4 Dodging
 - Level 2.4 Stealth
 + Level 2.0 Shields
 + Level 5.5 Spellcasting
 + Level 6.3 Necromancy


You had 13 spell levels left.
You knew the following spells:

 Your Spells              Type           Power        Failure   Level  Hunger
a - Pain                  Necr           ####         1%          1    None
b - Animate Skeleton      Necr           N/A          1%          1    None

Your spell library contained the following spells:

 Spells                   Type           Power        Failure   Level  Hunger
 Vampiric Draining        Necr           ####......   2%          3    ##.....
 Animate Dead             Necr           N/A          10%         4    ####...
 Regeneration             Chrm/Necr      ###.......   11%         3    ##.....


Dungeon Overview and Level Annotations

Branches:
Dungeon (2/15)

Altars:
Ru


Message History

Attack!
Casting: Animate Skeleton (safe; 1% risk of failure)
Confirm with . or Enter, or press ? or * to list all spells.
Aiming: Pain (safe; 1% risk of failure)
Press: ? - help, Shift-Dir - straight line, f/p - orc warrior
Aim: an orc warrior, wielding a +0 halberd and wearing a +0 plate armour (chance to defeat MR: 84%)
The orc warrior writhes in agony!
Your orc wizard skeleton hits the orc warrior but does no damage.
Casting: Pain (safe; 1% risk of failure)
Confirm with . or Enter, or press ? or * to list all spells.
Aiming: Pain (safe; 1% risk of failure)
Press: ? - help, Shift-Dir - straight line, f/p - orc warrior
Aim: an orc warrior, wielding a +0 halberd and wearing a +0 plate armour (moderately wounded, chance to defeat MR: 84%)
The orc warrior writhes in agony.
Your orc wizard skeleton barely misses the orc warrior.
You block the orc warrior's attack.
There is a stone staircase leading up here.
The orc warrior hits you from afar with a +0 halberd!!
Ouch! That really hurt!
You die...

##### ######### .> ...#
##.......### #.
#.######.######.#######.##
#.##........@....)#..≈≈≈..#..
#.#######.#..#o#.#[.≈...≈..#. #.#
#.#.....#...≈._.≈...# #.#
#.##..##.#..≈...≈..#. ##.#######.
##.##..#..≈≈≈..#.#
#.......##.###.##.oZ#######.##
####...)...##.................###
...........######......##.###.###
....)......(...........Z........%


You could see an orc warrior and a friendly orc wizard skeleton.

Vanquished Creatures
  Sigmund (D:2)
  An orc wizard (D:2)
  A dart slug (D:1)
  A leopard gecko (D:1)
  2 orcs (D:2)
  3 giant cockroaches
  7 goblins
  2 hobgoblins
  2 jackals (D:1)
  A quokka (D:2)
  10 bats
  7 kobolds
  5 rats
43 creatures vanquished.

Vanquished Creatures (collateral kills)
  An ooze (D:1)
  An orc (D:2)
  A bat (D:1)
3 creatures vanquished.

Grand Total: 46 creatures vanquished

Notes
Turn   | Place    | Note
-------+----------+-------------------------------------------
     0 | D:1      | Gynju the Deep Elf Necromancer began the quest for the Orb.
     0 | D:1      | Reached XP level 1. HP: 10/10 MP: 6/6
     2 | D:1      | Learned a level 1 spell: Animate Skeleton
   174 | D:1      | Reached skill level 5 in Necromancy
   212 | D:1      | Reached XP level 2. HP: 2/15 MP: 0/8
  1256 | D:1      | Reached XP level 3. HP: 17/19 MP: 7/10
  1763 | D:2      | Found a sacrificial altar of Ru.
  1763 | D:2      | Noticed Sigmund
  1916 | D:2      | Killed Sigmund
  1916 | D:2      | Reached skill level 1 in Shields
  1916 | D:2      | Reached skill level 5 in Spellcasting
  1916 | D:2      | Reached skill level 6 in Necromancy
  1916 | D:2      | Reached XP level 4. HP: 12/24 MP: 3/13
  1916 | D:2      | Reached XP level 5. HP: 14/28 MP: 3/14
  2127 | D:2      | Noticed an orc warrior
  2721 | D:2      | Slain by an orc warrior

Levels and vault maps discovered:
D:1:      minmay_arrival_four_houses, layout_basic
D:2:      layout_basic, marbit_many_paths, nicolae_ru_awakened_eye,
          uniq_sigmund, uniq_robin

Skill      XL: |  1  2  3  4  5 |
---------------+----------------+-----
Necromancy     | 5 6 |  6.3
Spellcasting   | 4 5 |  5.5
Shields        | 1 2 |  2.0
Dodging        | |  2.4
Stealth        | |  2.4

Action                   |  1- 3 |  4- 6 || total
-------------------------+-------+-------++-------
Melee: Whip              |     6 |     3 ||     9
 Cast: Pain              |    55 |    27 ||    82
       Animate Skeleton  |    10 |     2 ||    12
 Stab: Sleeping          |     1 |       ||     1
  Eat: Chunk             |     3 |     2 ||     5
Armor: Robe              |     5 |     3 ||     8
Dodge: Dodged            |    15 |     6 ||    21
Block: Buckler           |     1 |     4 ||     5

Table legend:
 A = Non-vault XP
 B = Vault XP
 C = Vault XP percentage of total XP
 D = Non-vault monster count
 E = Vault monster count
 F = Vault count percentage of total count
                 A         B        C        D         E       F
            +---------+---------+-------+---------+---------+-------
      Total |     119 |     197 |  62.3 |      45 |       1 |   2.2
            +---------+---------+-------+---------+---------+-------
        D:1 |      50 |       0 |   0.0 |      29 |       0 |   0.0
        D:2 |      69 |     197 |  74.1 |      16 |       1 |   5.9
            +---------+---------+-------+---------+---------+-------
